 Dungeon Crawl Stone Soup version 0.17-a0-1718-g72dbe4d (webtiles) character file.

193 urechis the Slasher (level 5, -6/42 HPs)
             Began as a Demonspawn Abyssal Knight on Aug 24, 2015.
             Was a Believer of Lugonu.
             Mangled by an iguana (7 damage)
             ... on level 3 of the Dungeon.
             The game lasted 00:06:14 (3228 turns).

urechis the Slasher (Demonspawn Abyssal Knight)     Turns: 3228, Time: 00:06:14

Health: -6/42      AC:  5    Str: 18    XL:     5   Next: 43%
Magic:  0/6        EV: 11    Int: 13    God:    Lugonu [**....]
Gold:   138        SH:  0    Dex: 13    Spells: 0 memorised, 4 levels left

rFire  + . .     SeeInvis .     a - +1 falchion
rCold  + . .     Clarity  +     y - +2 robe {MR+}
rNeg   . . .     SustAt   .     (no shield)
rPois  +         Gourm    .     (no helmet)
rElec  +         Spirit   +     g - +0 cloak
rCorr  +         Warding  .     (no gloves)
rMut   .         Stasis   .     (no boots)
MR     +....                    j - amulet of clarity
Stlth  +.........               (no ring)
                                (no ring)

@: mighty, resistant, somewhat resistant to hostile enchantments, very
unstealthy
A: powered by death 1, magic shield, magic regeneration
a: Depart the Abyss, Bend Space, Renounce Religion


You were on level 3 of the Dungeon.
You worshipped Lugonu.
Lugonu was pleased with you.
You were not hungry.

You visited 1 branch of the dungeon, and saw 4 of its levels.
You visited the Abyss 1 time.

You collected 138 gold pieces.

Inventory:

Hand weapons
 a - a +1 falchion (weapon)
Armour
 g - a +0 cloak (worn)
 n - a +2 robe of fire resistance
 y - a +2 robe of magic resistance (worn)
Jewellery
 j - an amulet of clarity (around neck)
Scrolls
 b - a scroll of amnesia {unknown}
 d - a scroll of teleportation {unknown}
 e - a scroll of recharging {unknown}
 f - 3 scrolls of enchant armour {unknown}
 h - 2 scrolls of magic mapping {unknown}
 i - 2 scrolls of fog {unknown}
 o - a scroll of identify {unknown}
 q - a scroll of blinking {unknown}
 s - a scroll of remove curse {unknown}
 u - a scroll of random uselessness {unknown}
 x - a scroll of fear {unknown}
Comestibles
 c - 2 bread rations
 k - 2 chunks of flesh
 l - 3 slices of pizza
 p - a meat ration
 r - 3 royal jellies
 v - 5 fruits
 z - a beef jerky


   Skills:
 + Level 4.2 Fighting
 * Level 4.3 Long Blades
 - Level 1.7 Armour
 - Level 0.8 Dodging
 - Level 2.4 Invocations


You had 4 spell levels left.
You didn't know any spells.

Dungeon Overview and Level Annotations

Branches:
Dungeon (4/15)
 Temple: D:4-7

Altars:
Elyvilon
Okawaru

Annotations:
D:4 Grinder


Innate Abilities, Weirdness & Mutations

You regenerate a little health from kills.
When hurt, damage is shared between your health and your magic reserves.
You regenerate magic rapidly.


Message History

It was a potion of might.
You feel very mighty all of a sudden. The iguana barely misses you.
Drink which item? (? for menu, Esc to quit)
It was a potion of curing.
You feel better.
The rat twitches its whiskers.
The iguana barely misses you.
Drink which item? (? for menu, Esc to quit)
It was a potion of resistance.
You feel protected. The iguana bites you.
* * * LOW HITPOINT WARNING * * *
You hit the iguana.
The iguana is almost dead.
The iguana bites you.
* * * LOW HITPOINT WARNING * * *
You barely miss the iguana.
The iguana is almost dead.
The iguana bites you!
You die...

## #.........# .#
##>........####### .###
##................#
...#########...........##..###
##..##.....>.#.........##.##
...........#########...##.#
####........## #..#..#.#
#.......)..######.###...##
#..........#rl@..........# #
####.........#.###.........######
....#......#...............##....
..............................###
###.###.##...##.#.#.....#........
#.##..##.##...#..............##
###.#......##.###.#.⌠.⌠.#.......#
.##.........(.)...............#..
.###.....##.......#.....#...#..##


You could see an iguana and a rat.

Vanquished Creatures
  2 hounds (D:4)
  5 adders
  An ooze (D:1)
  A worm (D:2)
  4 giant geckos
  2 orcs (D:3)
  6 bats
  6 giant cockroaches
  5 hobgoblins
  8 jackals
  8 kobolds
  2 quokkas
  5 giant newts
  11 goblins
  9 rats
75 creatures vanquished.

Vanquished Creatures (others)
  2 starspawn tentacles (Abyss:1)
2 creatures vanquished.

Grand Total: 77 creatures vanquished

Notes
Turn   | Place    | Note
--------------------------------------------------------------
     0 | Abyss:1  | urechis the Demonspawn Abyssal Knight began the quest for the Orb.
     0 | Abyss:1  | Reached XP level 1. HP: 18/18 MP: 2/2
    59 | Abyss:1  | Noticed a large abomination
   133 | Abyss:1  | Noticed a tentacled starspawn
   155 | Abyss:1  | Noticed a tentacled starspawn
   159 | Abyss:1  | Found a corrupted altar of Lugonu.
   162 | Abyss:1  | Noticed a thrashing horror
   166 | D:1      | Escaped the Abyss
   530 | D:1      | Acquired Lugonu's first power
   540 | D:1      | Gained mutation: When hurt, damage is shared between your health and your magic reserves. [demonic ancestry]
   540 | D:1      | Reached XP level 2. HP: 20/24 MP: 3/3
  1256 | D:2      | Reached XP level 3. HP: 29/29 MP: 4/4
  1348 | D:2      | You fall through a shaft for 2 floors!
  1348 | D:4      | Noticed an ogre
  1412 | D:3      | Found a white marble altar of Elyvilon.
  1520 | D:2      | Gained mutation: You regenerate a little health from kills. [demonic ancestry]
  1520 | D:2      | Reached XP level 4. HP: 26/36 MP: 5/5
  1536 | D:2      | Acquired Lugonu's second power
  1771 | D:2      | Found an iron altar of Okawaru.
  2679 | D:4      | Reached skill level 4 in Fighting
  2679 | D:4      | Gained mutation: You regenerate magic rapidly. [demonic ancestry]
  2679 | D:4      | Reached XP level 5. HP: 26/42 MP: 3/6
  2776 | D:4      | Noticed an ogre
  2972 | D:4      | Noticed a black bear
  3100 | D:4      | Noticed Grinder
  3212 | D:4      | HP: 2/42 [iguana (2)]
  3223 | D:3      | HP: 1/42 [iguana (2)]
  3228 | D:3      | Mangled by an iguana

Vault maps used:
D:1:      dpeg_arrival_more_subterranean_lakeside_camping
D:2:      nicolae_overflow_hidden_temple, first_bread, minmay_misc_feat_tiny
D:3:      elyvilon_altar_5
D:4:      black_bear_nest_2, okawaru_metal_pillars_1_2, uniq_crazy_yiuf_cottage,
          uniq_grinder

Action                   |  1- 3 |  4- 6 || total
-------------------------+-------+-------++-------
Melee: Falchion          |   109 |   188 ||   297
Invok: Depart the Abyss  |     1 |       ||     1
  Use: Potion            |       |     5 ||     5
 Stab: Sleeping          |     3 |     1 ||     4
  Eat: Chunk             |     1 |     7 ||     8
